Map: Turbo Cruise '84 LE

Players

Mez - Winner!

  • Race: Terran Terran
  • League: Master
  • Spawn Location: 7:00

Butte

  • Race: Terran Terran
  • League: Master
  • Spawn Location: 3:00

VOD

Have the link to the VOD?

Description

Time

  • Played on: Aug. 14, 2019, 11:14 a.m.
  • Length: 10:06
Show
View Real Time Build Order
Export as new Build Order

Mez Terran - Winner!

Build Orders: Cyclone Opening 

Get SALT Encoding   

  12  0:01  SCV  
  13  0:13  SCV  
  14  0:18  Supply Depot  
  14  0:25  SCV  
  15  0:28  Refinery  
  15  0:39  SCV  
  16  0:45  Barracks  
  16  0:51  SCV  
  17  0:58  Refinery  
  17  1:03  SCV  
  18  1:15  SCV  
  19  1:33  Reaper, Orbital Command  
  19  1:38  Factory  
  20  1:49  Supply Depot  
  20  1:59  SCV  
  21  2:05  Reaper  
  22  2:13  SCV  
  23  2:24  Factory Tech Lab  
  23  2:26  SCV  
  24  2:33  Command Center  
  24  2:38  SCV  
  24  2:41  Barracks Reactor  
  25  2:46  Cyclone  
  25  2:51  SCV  
  29  2:56  Supply Depot  
  29  3:03  Starport  
  29  3:11  SCV  
  30  3:19  Siege Tank  
  32  3:23  SCV  
  33  3:32  Marine  
  33  3:33  Marine  
  35  3:37  SCV  
  35  3:41  Starport Tech Lab  
  36  3:46  Orbital Command  
  36  3:49  Refinery, SCV  
  37  4:00  Marine x2  
  37  4:01  SCV  
  37  4:02  Raven  
  42  4:13  SCV x2  
  44  4:17  Supply Depot  
  44  4:25  SCV x2, Marine x2  
  44  4:27  Siege Tank  
  51  4:37  SCV x2  
  53  4:40  Supply Depot  
  53  4:49  SCV x2  
  53  4:50  Marine  
  53  4:51  Marine  
  53  4:52  Raven  
  59  5:01  SCV x2  
  59  5:02  Siege Tank  
  64  5:09  Command Center  
  64  5:13  Supply Depot  
  64  5:20  Marine  
  64  5:21  Marine  
  66  5:22  SCV x2  
  66  5:27  Barracks  
  66  5:28  Barracks  
  68  5:30  Refinery  
  68  5:34  SCV x2  
  68  5:35  Siege Tank  
  73  5:44  Engineering Bay  
  73  5:45  Supply Depot  
  73  5:46  SCV x2  
  75  6:02  Marine  
  74  6:04  Stimpack  
  74  6:05  Medivac x2  
  74  6:08  Siege Tank  
  74  6:09  SCV x2  
  83  6:17  Terran Infantry Weapons Level 1  
  83  6:18  Supply Depot  
  83  6:20  Marine  
  83  6:21  Orbital Command  
  83  6:22  SCV x2, Supply Depot  
  83  6:46  Barracks Reactor x2  
  79  6:48  Medivac x2  
  79  6:51  Marine  
  79  6:52  SCV x2  
  86  6:55  Barracks, Supply Depot  
  86  6:56  Refinery, Barracks, Supply Depot  
  86  6:58  Refinery, SCV  
  81  7:04  SCV x2  
  83  7:08  Marine  
  83  7:12  Siege Tank  
  83  7:14  SCV  
  88  7:16  SCV  
  88  7:17  Armory  
  88  7:21  Engineering Bay  
  88  7:22  SCV  
  90  7:26  SCV, Marine  
  90  7:28  SCV, Supply Depot  
  93  7:31  Supply Depot  
  93  7:34  SCV  
  91  7:38  SCV  
  91  7:42  Marine  
  91  7:43  Marine x3  
  96  7:44  Barracks Reactor x2, Marine  
  96  7:47  Siege Tank  
  96  7:48  SCV x2  
  96  7:50  SCV  
  101  8:03  Marine x5  
  104  8:05  Viking x2  
  106  8:19  Siege Tank  
  109  8:20  Marine  
  109  8:25  Marine x8  
  118  8:27  SCV x2  
  118  8:28  Combat Shield  
  120  8:35  Medivac x2  
  120  8:38  Marine  
  125  8:42  Marine  
  125  8:43  Marine x4  
  125  8:47  Factory  
  127  8:51  Siege Tank  
  130  9:05  Viking x2, SCV x3  
  137  9:24  Marine x9  
  135  9:25  Siege Tank  
  141  9:31  Command Center  
  141  9:33  Command Center  
  141  9:35  Medivac x2  
  141  9:36  Supply Depot x2  
  141  9:38  Supply Depot  
  138  9:48  Marine x3  
  138  9:50  Factory Tech Lab  
Show
View Real Time Build Order
Export as new Build Order

Butte Terran 

Build Orders:  

Get SALT Encoding   

  12  0:01  SCV  
  13  0:13  SCV  
  14  0:18  Supply Depot  
  14  0:25  SCV  
  15  0:39  SCV  
  15  0:41  Barracks  
  16  0:51  SCV  
  17  1:03  SCV  
  18  1:15  Command Center  
  18  1:19  SCV  
  19  1:28  Marine  
  21  1:33  Orbital Command  
  20  1:46  Marine  
  21  1:49  Bunker  
  21  1:50  Refinery  
  21  1:54  Refinery  
  21  2:02  SCV  
  21  2:04  Marine  
  23  2:27  SCV  
  23  2:28  SCV  
  25  2:38  Marine  
  25  2:39  Engineering Bay, SCV  
  25  2:40  SCV  
  28  2:45  Factory  
  28  2:51  SCV  
  28  2:52  SCV  
  28  2:56  Marine  
  31  3:03  Supply Depot  
  32  3:05  SCV x2  
  32  3:08  Hi-Sec Auto Tracking  
  33  3:14  Missile Turret  
  33  3:16  Refinery  
  33  3:20  Marine  
  34  3:27  SCV x2  
  34  3:28  Missile Turret  
  36  3:35  Starport  
  36  3:46  Planetary Fortress  
  36  3:50  SCV  
  37  3:58  Missile Turret  
  37  3:59  Factory Tech Lab  
  37  4:10  SCV  
  37  4:11  Missile Turret  
  38  4:19  Starport  
  38  4:22  Corvid Reactor  
  38  4:29  Bunker  
  38  4:30  SCV x2  
  40  4:38  Factory Tech Lab  
  40  4:46  Missile Turret  
  40  4:48  Missile Turret  
  40  4:49  SCV x2  
  42  5:02  SCV x2  
  44  5:07  Raven  
  46  5:28  Supply Depot x2  
  46  5:33  Raven  
  46  5:35  Neosteel Armor  
  48  5:44  Command Center  
  48  5:54  Missile Turret  
  48  6:39  Refinery  
  48  6:45  SCV x2  
  50  6:50  Command Center  
  50  7:02  Raven  
  52  7:10  Raven  
  54  7:39  SCV x2  
  56  7:53  Planetary Fortress  
  34  8:25  Raven x2  
  26  8:35  SCV, Orbital Command  
  26  8:37  Refinery  
  26  8:38  Refinery  
  27  8:47  SCV  
  28  8:51  SCV  
  29  9:03  SCV  
  30  9:15  SCV  
  30  9:16  SCV  
  32  9:19  SCV  
  33  9:27  SCV  
  33  9:28  SCV  
  33  9:31  SCV  
  34  9:39  SCV  
  35  9:51  SCV  
  36  9:58  Missile Turret  
  36  10:01  Missile Turret  
Tags
 
Add a new tag
Caveats
  • Supply blocks, unpowered buildings, or Contaminate may cause inaccurate times.
  • Supply counts are checked every 10 seconds.